[Event "Team 45 45 League T50"]
[Site "Internet Chess Club"]
[Date "2011.08.26"]
[Round "3"]
[White "DARKwizard1"]
[Black "MontanaSky"]
[Result "1-0"]
[WhiteElo "2001"]
[BlackElo "1787"]
[Opening "Alekhine's defense"]
[ECO "B02"]
[Time "20:00:46"]
[TimeControl "2700+45"]

1. e4 Nf6 2. e5 Nd5 3. Bc4 e6 4. Nc3 Nxc3 5. dxc3 d5 6. exd6 Qxd6 7. Be3 Nc6 8.
Nf3 Qxd1+ 9. Rxd1 Bd6 10. O-O O-O 11. Rfe1 b6 12. h3 Bb7 13. Ng5 Ne5 14. Bb3 h6
15. Bd4 hxg5 16. Bxe5 Rad8 17. Rd3 Ba6 18. Rd4 Bxe5 19. Rxe5 Rxd4 20. cxd4 Re8
21. Rxg5 f6 22. Rg3 Kf8 23. Re3 e5 24. dxe5 Rxe5 25. Rxe5 fxe5 26. f3 c5 27. Bd5
Ke7 28. Kf2 Kd6 29. c4 Bc8 30. g4 g5 31. Kg3 b5 32. b3 b4 33. h4 gxh4+ 34. Kxh4
a5 35. g5 Bf5 36. Be4 Be6 37. g6 Ke7 38. Kg5 a4 39. g7 Bg8 40. Bd5 Bxd5 41. cxd5
Kf7 42. Kh6 Kg8 43. d6 {Black resigns} 1-0

[Event "Team 45 45 League T50"]
[Site "Internet Chess Club"]
[Date "2011.08.29"]
[Round "3"]
[White "misuc56"]
[Black "Vin07"]
[Result "1-0"]
[WhiteElo "1743"]
[BlackElo "1558"]
[Opening "QGD Slav defense"]
[ECO "D10"]
[Time "15:00:13"]
[TimeControl "2700+45"]

1. d4 d5 2. c4 c6 3. e3 Nf6 4. Nc3 a6 5. h3 b5 6. c5 e6 7. Nf3 g6 8. Be2 Bg7 9.
a3 Nbd7 10. Bd2 Bb7 11. b4 Qc7 12. O-O O-O 13. Nh2 e5 14. dxe5 Nxe5 15. f4 Nc4
16. Bxc4 bxc4 17. Nf3 Ne4 18. Nd4 Nxc3 19. Bxc3 Rfe8 20. Rf3 f5 21. Qd2 Re4 22.
Ne2 Qe7 23. Bxg7 Qxg7 24. Nd4 Qe7 25. Raf1 Re8 26. Re1 Qg7 27. Kh2 Qe7 28. g3
Ra8 29. Kg2 Re8 30. g4 Kf7 31. gxf5 gxf5 32. Nxf5 Rg8+ 33. Kh2 Qf6 34. Nd6+ Ke7
35. Nxe4 dxe4 36. Rg3 Rd8 37. Qg2 Kf7 38. Qxe4 Rd2+ 39. Rg2 c3 40. Rxd2 cxd2 41.
Rd1 Qc3 42. Qxh7+ Kf8 43. Rg1 Qc4 44. Qh8+ Ke7 45. Rg7+ Kf6 46. Qf8+ Ke6 47.
Qf7# {Black checkmated} 1-0

[Event "Team 45 45 League T50"]
[Site "Internet Chess Club"]
[Date "2011.08.27"]
[Round "3"]
[White "oldsj"]
[Black "rubo"]
[Result "1/2-1/2"]
[WhiteElo "1512"]
[BlackElo "1723"]
[Opening "Ruy Lopez: closed, 7...O-O"]
[ECO "C88"]
[Time "19:00:27"]
[TimeControl "2700+45"]

1. e4 e5 2. Nf3 Nc6 3. Bb5 a6 4. Ba4 Nf6 5. O-O Be7 6. Re1 b5 7. Bb3 O-O 8. h3
d5 9. exd5 Nxd5 10. Nxe5 Nxe5 11. Rxe5 c6 12. d4 Bd6 13. Re1 Qh4 14. Bxd5 cxd5
15. Nd2 Qxd4 16. Nf3 Qxd1 17. Rxd1 Bb7 18. Be3 Rfe8 19. c3 f6 20. Nd4 g6 21. Re1
Re7 22. Rad1 Rae8 23. Kf1 Kf7 24. Nb3 f5 25. Bc5 Rxe1+ 26. Rxe1 Rxe1+ 27. Kxe1
Ke7 28. f4 Bc8 29. Ke2 Be6 30. Bxd6+ Kxd6 31. Nd4 Bd7 32. b4 Kc7 33. Kd3 Kb6 34.
h4 a5 35. a3 axb4 36. cxb4 Kc7 37. g3 Kd6 38. Nf3 Be8 39. Ng5 h6 40. Nf3 Bf7 41.
Ne5 Be8 42. Kd4 h5 43. Nf3 Bf7 44. Ne1 Be8 45. Nd3 Bd7 46. Nc5 Bc6 47. Kc3 Be8
48. Kd3 Bc6 49. Kd4 Be8 50. Kc3 {Game drawn by mutual agreement} 1/2-1/2

[Event "Team 45 45 League T50"]
[Site "Internet Chess Club"]
[Date "2011.08.26"]
[Round "3"]
[White "eurander"]
[Black "MJYSONG"]
[Result "0-1"]
[WhiteElo "2118"]
[BlackElo "1917"]
[Opening "Four knights: Scotch, 4...exd4"]
[ECO "C47"]
[Time "17:00:43"]
[TimeControl "2700+45"]

1. e4 e5 2. Nf3 Nf6 3. Nc3 Nc6 4. d4 exd4 5. Nxd4 Bb4 6. Nxc6 bxc6 7. Bd3 d5 8.
exd5 cxd5 9. O-O O-O 10. Bg5 c6 11. Na4 h6 12. Bh4 Bd6 13. c4 Be6 14. cxd5 cxd5
15. Qf3 Rb8 16. Bxf6 Qxf6 17. Qxf6 gxf6 18. Rac1 d4 19. b3 Rfc8 20. Nb2 Rxc1 21.
Rxc1 Bxb3 22. axb3 Ba3 23. Bf5 Bxb2 24. Rc8+ Rxc8 25. Bxc8 d3 26. Kf1 d2 27. Ke2
Bc3 28. Ba6 Kf8 29. Bc4 Ke7 30. Kd1 a5 31. Ke2 f5 32. Kd1 f6 33. Ke2 Kd6 34. Kd1
f4 35. Ke2 Ke5 36. Bd3 Kd4 37. Bc2 Bb4 38. Bg6 Kc3 39. Kd1 Kxb3 40. Bc2+ Ka3 41.
Bf5 Bc3 42. Kc2 a4 43. Bg4 Kb4 44. Bd7 a3 45. Be6 Kc5 46. Ba2 Kd4 47. Bb1 Ba5
48. Ba2 Ke4 49. Bb1 f3 50. g3 Ke5 51. Ba2 Bb6 52. Kxd2 Bxf2 53. Kd3 Bg1 54. h3
Bf2 55. g4 Kf4 {White resigns} 0-1

[Event "Team 45 45 League T50"]
[Site "Internet Chess Club"]
[Date "2011.08.26"]
[Round "3"]
[White "Razvanel"]
[Black "Epcot"]
[Result "0-1"]
[WhiteElo "1974"]
[BlackElo "1901"]
[Opening "Sicilian: Najdorf, Byrne (English) attack"]
[ECO "B90"]
[Time "11:38:18"]
[TimeControl "2700+45"]

1. e4 c5 2. Nf3 d6 3. d4 cxd4 4. Nxd4 Nf6 5. Nc3 a6 6. Be3 e5 7. Nb3 Be6 8. f3
h5 9. Qd2 Nbd7 10. O-O-O Rc8 11. Kb1 Be7 12. Nd5 Bxd5 13. exd5 Nb6 14. Bxb6 Qxb6
15. Be2 O-O 16. Rhg1 Bd8 17. Bd3 a5 18. c4 a4 19. Nc1 e4 20. fxe4 Ng4 21. Ne2
Bf6 22. Nc3 a3 23. b3 Qd4 24. Rc1 b5 25. Nxb5 Qa1+ 26. Kc2 Qxa2+ 27. Kd1 Qxb3+
28. Ke2 a2 29. Nxd6 Ra8 30. Ra1 Bxa1 31. Rxa1 Ne5 32. Qc2 Qb6 33. Nb5 Ng4 34. c5
Qf6 35. Qc3 Qf2+ 36. Kd1 Ne3+ 37. Kc1 Nxd5 38. exd5 Rfe8 39. Qc2 Re1+ 40. Kb2
Rxa1 41. Qxf2 Rd1 42. Bh7+ Kh8 {White resigns} 0-1

[Event "Team 45 45 League T50"]
[Site "Internet Chess Club"]
[Date "2011.08.27"]
[Round "3"]
[White "VietLion"]
[Black "crimsonviper"]
[Result "1-0"]
[WhiteElo "1909"]
[BlackElo "1849"]
[Opening "Ruy Lopez: closed"]
[ECO "C90"]
[Time "16:35:47"]
[TimeControl "2700+45"]

1. e4 e5 2. Nf3 Nc6 3. Bb5 a6 4. Ba4 Nf6 5. O-O Be7 6. Re1 b5 7. Bb3 d6 8. h3
Na5 9. d4 Nxb3 10. axb3 exd4 11. Nxd4 Bb7 12. Nd2 O-O 13. Nf5 Re8 14. Nxe7+ Rxe7
15. f3 Qe8 16. Qe2 Qc6 17. Nf1 h6 18. Ng3 Rae8 19. Qf2 Bc8 20. Re3 d5 21. exd5
Qxd5 22. Rxe7 Rxe7 23. Bd2 c5 24. Bc3 Ne8 25. b4 c4 26. Ne4 Re6 27. Qc5 Qd8 28.
Qd4 Qh4 29. Nc5 Qxd4+ 30. Bxd4 Re2 31. Nxa6 Rxc2 32. Nc5 Rd2 33. Bc3 Rd8 34. Ra8
Kh7 35. Kh2 Kg6 36. Nb7 Nc7 37. Nxd8 Nxa8 38. Nc6 f6 39. Ne7+ {Black resigns}
1-0

[Event "Team 45 45 League T50"]
[Site "Internet Chess Club"]
[Date "2011.08.28"]
[Round "3"]
[White "Touya"]
[Black "Razorbackchess"]
[Result "1-0"]
[WhiteElo "1750"]
[BlackElo "1728"]
[Opening "King's Indian defense, 3.Nc3"]
[ECO "E61"]
[Time "13:09:39"]
[TimeControl "2700+45"]

1. d4 Nf6 2. c4 g6 3. Nc3 Bg7 4. Nf3 d6 5. Bf4 O-O 6. e3 Nbd7 7. Be2 c6 8. O-O
Qe8 9. h3 e5 10. Bh2 Qe7 11. Rb1 e4 12. Nd2 a6 13. b4 b6 14. Qc2 Re8 15. Nb3 d5
16. c5 b5 17. Na5 Qe6 18. a4 Nb8 19. axb5 axb5 20. Bxb5 cxb5 21. Nxb5 Na6 22.
Nd6 Re7 23. Nc6 Rd7 24. b5 Bb7 25. Ne5 Rxd6 26. cxd6 Nd7 27. Nxd7 Qxd7 28. bxa6
Bxa6 29. Rfc1 Bd3 30. Qc7 Qxc7 31. dxc7 {Black resigns} 1-0

[Event "Team 45 45 League T50"]
[Site "Internet Chess Club"]
[Date "2011.08.28"]
[Round "3"]
[White "NFork"]
[Black "QueensCounselor"]
[Result "1-0"]
[WhiteElo "2283"]
[BlackElo "2141"]
[Opening "Benko's opening"]
[ECO "A00"]
[Time "14:11:05"]
[TimeControl "2700+45"]

1. g3 d5 2. Bg2 Nf6 3. Nf3 e6 4. O-O Be7 5. d3 c5 6. c4 Nc6 7. Nc3 O-O 8. Bf4 b6
9. Ne5 Bb7 10. Nxc6 Bxc6 11. e4 d4 12. Ne2 Nh5 13. g4 Nxf4 14. Nxf4 Qc7 15. Ne2
Bd6 16. f4 e5 17. Qd2 Bd7 18. f5 Be7 19. f6 Bxf6 20. Rxf6 gxf6 21. Ng3 Kh8 22.
Qh6 Qd8 23. Nh5 Rg8 24. Nxf6 Rg7 25. Rf1 Bxg4 26. h3 Be2 27. Rf5 Qe7 28. Kf2
Rag8 29. Rg5 {Black resigns} 1-0

[Event "Team 45 45 League T50"]
[Site "Internet Chess Club"]
[Date "2011.08.26"]
[Round "3"]
[White "fledermaus"]
[Black "Greedy-Reedy"]
[Result "0-1"]
[WhiteElo "1942"]
[BlackElo "1997"]
[Opening "Benkö gambit"]
[ECO "A57"]
[Time "07:01:13"]
[TimeControl "2700+45"]

1. d4 Nf6 2. c4 c5 3. d5 b5 4. Nf3 bxc4 5. Nc3 e6 6. e4 exd5 7. exd5 d6 8. Bxc4
Be7 9. O-O O-O 10. Qc2 Nbd7 11. Bf4 Nb6 12. b3 Bb7 13. Rad1 a6 14. Be2 Nbxd5 15.
Bg3 Nxc3 16. Qxc3 Ne4 17. Qc2 Nxg3 18. hxg3 Bf6 19. Rfe1 Qb6 20. Qf5 d5 21. Ng5
Bxg5 22. Qxg5 Rfe8 23. Bf3 h6 24. Qf5 g6 25. Rxe8+ Rxe8 26. Qf4 d4 27. Bxb7 Qxb7
28. Qxh6 Re2 29. Rd2 Re1+ 30. Kh2 Qe4 31. Qh4 Qb1 32. Qd8+ Kg7 33. g4 Rh1+ 34.
Kg3 Qe1 35. Qg5 f6 36. Qf4 Qe5 37. Qxe5 fxe5 38. f3 Rc1 39. Kf2 Kf6 40. Ke2 Ke6
41. Kd3 Rc3+ 42. Ke2 Kd5 43. Rd3 c4 44. bxc4+ Kxc4 45. Rd2 Re3+ 46. Kd1 Rd3 47.
Ke2 Re3+ 48. Kd1 g5 49. Rc2+ Rc3 50. Re2 Kd5 51. Rb2 Ra3 52. Re2 d3 53. Re3 a5
54. g3 a4 55. Kd2 Rxa2+ 56. Kxd3 Ra3+ 57. Kd2 Rxe3 {White resigns} 0-1

[Event "Team 45 45 League T50"]
[Site "Internet Chess Club"]
[Date "2011.08.27"]
[Round "3"]
[White "fishhead"]
[Black "zap2"]
[Result "0-1"]
[WhiteElo "1839"]
[BlackElo "1765"]
[Opening "Caro-Kann: two knights, 3...Bg4"]
[ECO "B10"]
[Time "15:01:03"]
[TimeControl "2700+45"]

1. e4 c6 2. Nf3 d5 3. Nc3 Bg4 4. h3 Bh5 5. d4 dxe4 6. Nxe4 Nd7 7. Bc4 Ngf6 8.
Ng3 Bg6 9. O-O Qc7 10. c3 Nh5 11. Ne2 e6 12. g4 Nhf6 13. Nh4 Be7 14. Bg5 Nxg4
15. Bf4 e5 16. Nxg6 hxg6 17. dxe5 Ngxe5 18. Kg2 Bd6 19. Bb3 Nc5 20. Bc2 O-O-O
21. Nd4 Qd7 22. Rh1 Rh5 23. Rh2 Rdh8 24. Qh1 Ng4 25. hxg4 Qxg4+ 26. Bg3 Rxh2+
27. Qxh2 Rxh2+ 28. Kxh2 Ne4 29. Bxd6 Nxd6 30. Rg1 Qf4+ 31. Kg2 c5 32. Nb3 Ne4
33. Rf1 b6 34. Bd1 Nd2 35. Re1 Kd7 36. Re3 Nxb3 37. Bxb3 c4 38. Ba4+ Kd6 39. Kf1
g5 40. Ke1 g4 41. Bd1 b5 42. b3 f5 43. a4 cxb3 44. Bxb3 bxa4 45. Ba2 Kc5 46. Ke2
g5 47. Be6 a3 48. Ba2 a5 49. c4 Qd4 50. Rd3 Qb2+ 51. Rd2 Qe5+ 52. Kf1 Kb4 53.
Re2 Qa1+ 54. Kg2 f4 55. f3 gxf3+ 56. Kxf3 Qf1+ 57. Rf2 Qd3+ 58. Kg2 Qg3+ 59. Kf1
g4 60. Ke2 f3+ 61. Kf1 Qe5 {White resigns} 0-1

[Event "Team 45 45 League T50"]
[Site "Internet Chess Club"]
[Date "2011.09.01"]
[Round "3"]
[White "j65536d"]
[Black "redboot"]
[Result "1/2-1/2"]
[WhiteElo "1817"]
[BlackElo "1653"]
[Opening "French: Tarrasch, closed variation"]
[ECO "C05"]
[Time "20:35:28"]
[TimeControl "2700+45"]

1. e4 e6 2. d4 d5 3. Nd2 Nf6 4. e5 Nfd7 5. f4 c5 6. c3 Nc6 7. Ngf3 f6 8. Bd3
fxe5 9. fxe5 cxd4 10. cxd4 Nxd4 11. O-O Bc5 12. Kh1 O-O 13. b4 Nxf3 14. Nxf3
Bxb4 15. Be3 Be7 16. Qc2 g6 17. Bxg6 hxg6 18. Qxg6+ Kh8 19. Qh6+ Kg8 20. Qg6+
Kh8 21. Qh6+ {Game drawn by mutual agreement} 1/2-1/2

[Event "Team 45 45 League T50"]
[Site "Internet Chess Club"]
[Date "2011.08.29"]
[Round "3"]
[White "julesraider"]
[Black "noblitz-oblige"]
[Result "0-1"]
[WhiteElo "1493"]
[BlackElo "1661"]
[Opening "Kevitz-Trajkovich defense"]
[ECO "A50"]
[Time "20:08:40"]
[TimeControl "2700+45"]

1. d4 Nf6 2. c4 Nc6 3. Nc3 e5 4. d5 Ne7 5. Nf3 Ng6 6. e4 d6 7. Be2 Be7 8. O-O
O-O 9. Qc2 h6 10. b4 c6 11. Rd1 Qb6 12. Na4 Qc7 13. Nc3 cxd5 14. exd5 Bg4 15.
Nb5 Qd7 16. Qb3 Nh5 17. h3 Bxf3 18. Qxf3 Nhf4 19. Bxf4 Nxf4 20. Rac1 Bg5 21. Rc3
a6 22. Na3 e4 23. Qe3 Nxd5 24. Qg3 Nxc3 25. Qxc3 Rac8 26. Qd4 f5 27. Qd5+ Kh8
28. c5 Qa4 29. Nc4 Qc2 30. Bh5 dxc5 31. Nd6 Rcd8 32. Nf7+ Rxf7 33. Qxd8+ Bxd8
34. Rxd8+ Kh7 35. Bxf7 cxb4 36. h4 Qc7 37. Bg8+ Kg6 38. Re8 Qc1+ 39. Kh2 Qf4+
40. Kg1 Qxh4 41. Re6+ Kg5 42. Bf7 f4 43. Rg6+ Kf5 44. Rd6 Qe7 45. Rd5+ Kf6 46.
Bh5 e3 47. Bf3 e2 48. Bg4 e1=Q+ 49. Kh2 Qxf2 50. Rf5+ Kg6 51. Rh5 Qg3+ 52. Kh1
Qee1# {White checkmated} 0-1

[Event "Team 45 45 League T50"]
[Site "Internet Chess Club"]
[Date "2011.08.25"]
[Round "3"]
[White "Bible-Believer"]
[Black "Neoman"]
[Result "0-1"]
[WhiteElo "1435"]
[BlackElo "1613"]
[Opening "Ruy Lopez: open, 7.Bb3"]
[ECO "C80"]
[Time "14:00:31"]
[TimeControl "2700+45"]

1. e4 e5 2. Nf3 Nc6 3. Bb5 a6 4. Ba4 Nf6 5. O-O Nxe4 6. d4 b5 7. Bb3 d5 8. c3
exd4 9. Nxd4 Nxd4 10. Qxd4 Be6 11. Nd2 c5 12. Qe5 Qd6 13. Qxd6 Nxd6 14. Re1 Be7
15. Nf3 c4 16. Bc2 g6 17. Bh6 Bf8 18. Bg5 Bg7 19. Rad1 Kd7 20. Nd4 Rhe8 21. Nxe6
Rxe6 22. Rxe6 fxe6 23. Be3 Rf8 24. Bd4 Bxd4 25. Rxd4 Nf5 26. Bxf5 Rxf5 27. g3
Kd6 28. f4 e5 29. fxe5+ Kxe5 30. Kg2 b4 31. Rd2 a5 32. Re2+ Kd6 33. Re8 Re5 34.
Rxe5 Kxe5 35. Kf3 d4 36. cxd4+ Kxd4 37. Ke2 c3 38. bxc3+ Kxc3 39. Kd1 Kb2 40.
Kd2 Kxa2 41. Kc2 b3+ 42. Kc1 b2+ {White resigns} 0-1

[Event "Team 45 45 League T50"]
[Site "Internet Chess Club"]
[Date "2011.08.27"]
[Round "3"]
[White "JohLeb"]
[Black "Xanther"]
[Result "0-1"]
[WhiteElo "1451"]
[BlackElo "1465"]
[Opening "QGD Slav defense"]
[ECO "D10"]
[Time "23:30:35"]
[TimeControl "2700+45"]

1. d4 d5 2. c4 c6 3. Nc3 Nf6 4. Bg5 h6 5. Bh4 g5 6. Bg3 dxc4 7. e4 b5 8. f3 Bg7
9. Rc1 a5 10. e5 Nd5 11. Nge2 Nb4 12. Ng1 Bf5 13. Ne4 Nxa2 14. Ra1 Nb4 15. Bf2
N8a6 16. b3 cxb3 17. Qxb3 a4 18. Qb2 O-O 19. g4 Qa5 20. Nd2 Nc2+ 21. Ke2 Bh7 22.
Rc1 a3 23. Qb3 a2 24. Ra1 Nxa1 25. Qb2 Nc2 26. Nb3 Qb4 27. Qxa2 Qc4+ {White
resigns} 0-1

[Event "Team 45 45 League T50"]
[Site "Internet Chess Club"]
[Date "2011.08.28"]
[Round "3"]
[White "DungBeetle"]
[Black "JWB"]
[Result "1-0"]
[WhiteElo "1626"]
[BlackElo "1631"]
[Opening "Sicilian defense"]
[ECO "B30"]
[Time "15:00:19"]
[TimeControl "2700+45"]

1. e4 c5 2. Nf3 Nc6 3. c3 Nf6 4. e5 Nd5 5. d4 cxd4 6. cxd4 e6 7. Be2 d6 8. exd6
Bxd6 9. O-O O-O 10. Nc3 Be7 11. Be3 a6 12. Rc1 Bf6 13. Qd2 Qa5 14. Rc2 Bd7 15.
a3 Rac8 16. Rfc1 Nxc3 17. Qxc3 Qxc3 18. bxc3 Ne7 19. c4 Nf5 20. Rb1 Bc6 21. Rd2
Nxe3 22. fxe3 Rc7 23. d5 exd5 24. cxd5 Ba4 25. Bd1 Bb5 26. Be2 Bxe2 27. Rxe2 Rc3
28. Rxb7 Rxa3 29. e4 Bc3 30. e5 Ba5 31. d6 Rd3 32. Reb2 Bd8 33. Rd7 Ba5 34. Rbb7
Bc3 35. Re7 a5 36. d7 a4 37. Re8 Ba5 38. Rbb8 {Black resigns} 1-0

[Event "Team 45 45 League T50"]
[Site "Internet Chess Club"]
[Date "2011.08.28"]
[Round "3"]
[White "Constrictor"]
[Black "KnightOfCydonia"]
[Result "0-1"]
[WhiteElo "1636"]
[BlackElo "1698"]
[Opening "Catalan: closed, 5.Nf3"]
[ECO "E06"]
[Time "20:07:10"]
[TimeControl "2700+45"]

1. Nf3 Nf6 2. d4 d5 3. c4 e6 4. g3 Be7 5. Bg2 O-O 6. Qc2 Nc6 7. O-O Re8 8. Bf4
Nb4 9. Qb3 a5 10. Nc3 dxc4 11. Qxc4 c6 12. a3 Nbd5 13. Bg5 Nxc3 14. bxc3 h6 15.
Bc1 Qd5 16. Ne5 Qxc4 17. Nxc4 Nd7 18. a4 Ra6 19. Ba3 Bxa3 20. Rxa3 Nb6 21. Nd6
Rd8 22. Nxc8 Rxc8 23. Rb1 Nc4 24. Ra2 Rb6 25. Raa1 Kf8 26. e3 Ke8 27. Bf1 Rxb1
28. Rxb1 Nd6 29. c4 c5 30. Rc1 cxd4 31. exd4 b5 32. c5 bxa4 33. Ra1 Nf5 34. Rxa4
Rd8 35. Bb5+ Ke7 36. c6 Kd6 37. Rc4 Kc7 38. Ra4 Nxd4 39. Rxa5 Nxb5 40. Rxb5 Kxc6
41. Ra5 Rd5 42. Ra8 h5 43. Rg8 g6 44. Rf8 Rd7 45. Kg2 Kd5 46. Ra8 e5 47. Ra5+
Ke6 48. Rb5 Rd5 49. Rb6+ Kf5 50. Rb7 f6 51. Re7 e4 52. Re8 Re5 53. Ra8 g5 54.
Ra3 Rd5 55. Rb3 Rd3 56. Rb5+ Kg6 57. Rb2 f5 58. Rb6+ Kf7 59. Rb7+ Ke6 60. Rb6+
Ke5 61. Rb5+ Rd5 62. Rb2 f4 63. gxf4+ gxf4 64. Rb8 Kd4 65. Rb4+ Kd3 66. Rb3+ Kc4
67. Ra3 Kb4 68. Ra8 Rg5+ 69. Kf1 Kc4 70. Rf8 f3 71. Rc8+ Kd4 72. Rd8+ Rd5 73.
Ra8 Ke5 74. Ra1 Kf4 75. Rb1 Kg4 76. Re1 Rd4 77. Kg1 Kh3 78. Rc1 Rd2 79. Re1 Re2
80. Rc1 e3 81. fxe3 Rxh2 82. Rf1 Rg2+ 83. Kh1 Kg3 84. e4 Rh2+ 85. Kg1 f2+ {White
resigns} 0-1

[Event "Team 45 45 League T50"]
[Site "Internet Chess Club"]
[Date "2011.08.29"]
[Round "3"]
[White "chekbouncer"]
[Black "philosopherking"]
[Result "1-0"]
[WhiteElo "1489"]
[BlackElo "1486"]
[Opening "French: exchange variation"]
[ECO "C01"]
[Time "19:00:39"]
[TimeControl "2700+45"]

1. e4 e6 2. d4 d5 3. exd5 exd5 4. Nf3 c5 5. Bb5+ Nc6 6. O-O Be6 7. Ne5 Rc8 8.
Be3 Qb6 9. Bxc6+ bxc6 10. Nc3 c4 11. Na4 Qa5 12. Nc5 Bxc5 13. dxc5 Ne7 14. b4
Qxb4 15. Rb1 Qa5 16. Rb7 Nf5 17. Qh5 g6 18. Qg5 O-O 19. Ng4 Qd8 20. Qxd8 Rfxd8
21. Bg5 Rf8 22. Rfb1 a5 23. Bf6 h5 24. Ne5 Nd4 25. Nxg6 Rfe8 26. Bxd4 fxg6 27.
Rg7+ Kf8 28. Rbb7 Rb8 29. f3 Rxb7 30. Rxb7 Bf5 31. Rc7 {Black forfeits on time}
1-0

[Event "Team 45 45 League T50"]
[Site "Internet Chess Club"]
[Date "2011.08.30"]
[Round "3"]
[White "FractalDante"]
[Black "Skylab"]
[Result "1-0"]
[WhiteElo "1519"]
[BlackElo "1282"]
[Opening "Sicilian: Alapin's variation (2.c3)"]
[ECO "B22"]
[Time "20:00:07"]
[TimeControl "2700+45"]

1. e4 c5 2. c3 Nc6 3. Nf3 e5 4. d4 cxd4 5. cxd4 exd4 6. Nxd4 Bb4+ 7. Nc3 Nf6 8.
Nxc6 bxc6 9. Bd3 d6 10. O-O O-O 11. Qc2 h6 12. Be3 a5 13. Rad1 Ba6 14. a3 Bxc3
15. Qxc3 Bxd3 16. Qxd3 d5 17. exd5 Qxd5 18. Qc3 Qb5 19. Bxh6 gxh6 20. Qxf6 Qg5
21. Qxc6 Rfc8 22. Qd5 Qxd5 23. Rxd5 Rc2 24. b4 axb4 25. axb4 Rb2 26. Rb5 Ra4 27.
Rb8+ Kg7 28. b5 Rab4 29. g3 Rxb5 30. Rxb5 Rxb5 31. Re1 Rb2 32. Kg2 Kg6 33. Kf3
f6 34. h4 h5 35. Re2 Rb3+ 36. Kf4 Rb4+ 37. Re4 Rb5 38. f3 Rf5+ 39. Ke3 Ra5 40.
g4 Ra3+ 41. Kf4 Ra5 42. Re6 Ra4+ 43. Kg3 hxg4 44. fxg4 Ra3+ 45. Kf4 Ra4+ 46. Re4
Ra5 47. h5+ Kf7 48. Re3 Ra4+ 49. Kg3 Ra5 50. Rf3 Rg5 51. Rf5 Kg7 52. Rxg5+ fxg5
53. Kf3 Kf6 54. Ke4 Ke6 55. Kd4 Kf6 56. Ke4 Ke6 57. h6 Kf6 58. h7 Kg7 59. h8=Q+
Kxh8 60. Kf5 Kg7 61. Kxg5 Kf7 62. Kh6 Kg8 63. g5 Kh8 64. g6 Kg8 65. g7 {Black
resigns} 1-0

[Event "Team 45 45 League T50"]
[Site "Internet Chess Club"]
[Date "2011.08.27"]
[Round "3"]
[White "SlimeDog2"]
[Black "check-man"]
[Result "1-0"]
[WhiteElo "2094"]
[BlackElo "1769"]
[Opening "QGD: Tartakower (Makagonov-Bondarevsky) system"]
[ECO "D58"]
[Time "14:05:57"]
[TimeControl "2700+45"]

1. d4 Nf6 2. Nf3 e6 3. c4 d5 4. Nc3 Be7 5. Bg5 h6 6. Bh4 O-O 7. e3 b6 8. Be2 Bb7
9. Bxf6 Bxf6 10. cxd5 exd5 11. b4 c6 12. O-O a5 13. bxa5 Rxa5 14. a4 Nd7 15. Nd2
c5 16. Nb3 Ra7 17. Bf3 Qa8 18. Qd2 Bc6 19. Nb5 Rxa4 20. Nc7 Qb8 21. Nxd5 Rxa1
22. Rxa1 Qd6 23. Nxf6+ Nxf6 24. Bxc6 Qxc6 25. dxc5 bxc5 26. Rc1 Nd7 27. Qc2 Rc8
28. Qc4 Nb6 29. Qxc5 Qa4 30. Qxc8+ Nxc8 31. Rxc8+ Kh7 32. Nd2 Qd7 33. Rc2 Qd3
34. Ra2 Qd5 35. Rb2 Qc5 36. Nf1 Kg6 37. g3 Qc3 38. Rd2 h5 39. Rd4 Qc6 40. h4 Qf6
41. Nd2 Qa6 42. Ne4 Qa1+ 43. Kg2 Qa8 44. Kh2 f6 45. Nc3 Qf3 46. Kg1 Qc6 47. Nd5
Qc1+ 48. Kg2 Qc6 49. Kh2 Qc2 50. Kg1 Qc1+ 51. Kg2 Qc6 52. e4 Qc5 53. Nf4+ Kf7
54. Rd7+ Kg8 55. Rxg7+ Kh8 56. Rd7 Qc4 57. Kf3 Qb3+ 58. Nd3 Qg8 59. Rd5 Qg4+ 60.
Ke3 Kg7 61. Nf4 Qc8 62. Nxh5+ Kg6 63. Rf5 Qc1+ 64. Kf3 Qh1+ 65. Kf4 Qc1+ 66. Kg4
Qd1+ 67. f3 {Black resigns} 1-0

[Event "Team 45 45 League T50"]
[Site "Internet Chess Club"]
[Date "2011.08.29"]
[Round "3"]
[White "imawesome"]
[Black "musk6868"]
[Result "1-0"]
[WhiteElo "1858"]
[BlackElo "1893"]
[Opening "Sicilian: Alapin's variation (2.c3)"]
[ECO "B22"]
[Time "18:38:35"]
[TimeControl "2700+45"]

1. e4 c5 2. c3 d5 3. exd5 Qxd5 4. d4 Nc6 5. Nf3 Bg4 6. dxc5 Qxd1+ 7. Kxd1 e5 8.
b4 a5 9. Bb5 Ne7 10. Nd2 axb4 11. Nc4 O-O-O+ 12. Kc2 Bf5+ 13. Kb3 Be6 14. cxb4
Nd4+ 15. Nxd4 Rxd4 16. Be3 Rg4 17. g3 Nd5 18. Rhd1 Re4 19. Rxd5 Bxd5 20. Rd1 Be6
21. Bd7+ Bxd7 22. Nb6+ Kc7 23. Rxd7+ Kb8 24. Rd8+ Kc7 25. Rc8# {Black
checkmated} 1-0

[Event "Team 45 45 League T50"]
[Site "Internet Chess Club"]
[Date "2011.08.28"]
[Round "3"]
[White "Warpdrive"]
[Black "mmf00"]
[Result "0-1"]
[WhiteElo "1581"]
[BlackElo "1897"]
[Opening "Sicilian: accelerated fianchetto, modern variation"]
[ECO "B34"]
[Time "15:00:52"]
[TimeControl "2700+45"]

1. e4 c5 2. Nf3 Nc6 3. d4 cxd4 4. Nxd4 g6 5. Nc3 Bg7 6. Be3 Nf6 7. Be2 O-O 8.
Qd2 d5 9. Nxc6 bxc6 10. exd5 cxd5 11. Bf3 e6 12. Bh6 Rb8 13. Bxg7 Kxg7 14. h4
Rxb2 15. h5 Qa5 16. h6+ Kg8 17. Qd4 e5 18. Qxe5 Re8 19. Qxe8+ Nxe8 {White
resigns} 0-1

[Event "Team 45 45 League T50"]
[Site "Internet Chess Club"]
[Date "2011.08.28"]
[Round "3"]
[White "anna"]
[Black "BotanicalKnight"]
[Result "1-0"]
[WhiteElo "1570"]
[BlackElo "1579"]
[Opening "Caro-Kann: exchange variation"]
[ECO "B13"]
[Time "20:05:14"]
[TimeControl "2700+45"]

1. e4 c6 2. d4 d5 3. exd5 cxd5 4. Nf3 Bg4 5. h3 Bh5 6. g4 Bg6 7. Bb5+ Nc6 8. Ne5
Rc8 9. Nc3 a6 10. Nxc6 bxc6 11. Bxa6 Ra8 12. Bb7 Rc8 13. Bxc8 Qxc8 14. Be3 e6
15. a3 Nf6 16. Qe2 Bd6 17. O-O-O c5 18. dxc5 O-O 19. cxd6 {Black resigns} 1-0

[Event "Team 45 45 League T50"]
[Site "Internet Chess Club"]
[Date "2011.08.28"]
[Round "3"]
[White "Deckfuel"]
[Black "TerryMalloy"]
[Result "0-1"]
[WhiteElo "1951"]
[BlackElo "2038"]
[Opening "Sicilian: Najdorf, 6.Bg5"]
[ECO "B94"]
[Time "10:34:26"]
[TimeControl "2700+45"]

1. e4 c5 2. Nf3 d6 3. d4 cxd4 4. Nxd4 Nf6 5. Nc3 a6 6. Bg5 Nbd7 7. f4 Qc7 8. Qf3
h6 9. Bh4 g5 10. Bg3 gxf4 11. Bh4 Ne5 12. Qxf4 Ng6 13. Qf2 Nxh4 14. Qxh4 Bg4 15.
h3 Qb6 16. hxg4 Qxb2 17. Kd2 Rc8 18. Qh3 Rxc3 19. Bd3 Nxe4+ 20. Ke2 Bg7 21. Rab1
Rxc2+ 22. Bxc2 Nc3+ 23. Kd2 Nxb1+ 24. Rxb1 Qxd4+ 25. Bd3 b5 26. Qf3 O-O 27. Qf5
Qc3+ 28. Kd1 Rc8 29. Rb3 Qc5 30. Qh7+ Kf8 31. Be4 d5 32. Bb1 Qg1+ 33. Ke2 Qxg2+
{White resigns} 0-1

[Event "Team 45 45 League T50"]
[Site "Internet Chess Club"]
[Date "2011.08.28"]
[Round "3"]
[White "bondguy01"]
[Black "Goli"]
[Result "0-1"]
[WhiteElo "1698"]
[BlackElo "1843"]
[Opening "Pirc: Austrian attack, 6.Bd3"]
[ECO "B06"]
[Time "16:00:20"]
[TimeControl "2700+45"]

1. e4 g6 2. d4 Bg7 3. Nc3 d6 4. f4 Nf6 5. Nf3 O-O 6. Bd3 c5 7. dxc5 dxc5 8. e5
Nd5 9. Nxd5 Qxd5 10. Qe2 Nc6 11. Be4 Qd7 12. c3 b6 13. O-O Bb7 14. Rd1 Qc7 15.
e6 fxe6 16. Ng5 Rf6 17. Nxe6 Qc8 18. Nxg7 Kxg7 19. Bf3 Qc7 20. Re1 Re8 21. Qd2
Nd8 22. Bxb7 Qxb7 23. Qe3 Nf7 24. Qe4 Qd7 25. Be3 Nd6 26. Qe5 Nc4 27. Qe4 Nxb2
28. Rab1 Na4 29. Qe5 Qd6 30. Qxd6 exd6 31. Bd2 Rfe6 32. Kf2 Rxe1 33. Rxe1 Rxe1
34. Bxe1 Nb2 35. Ke2 Nc4 36. g4 Kf6 37. Bh4+ Ke6 38. Kd3 d5 39. Bg3 Nd6 40. h3
Ne4 41. Be1 Kd6 42. c4 Ke6 43. f5+ gxf5 44. gxf5+ Kxf5 45. cxd5 Ke5 46. d6 Nxd6
47. Bg3+ Kd5 {White resigns} 0-1